 Dungeon Crawl Stone Soup version 0.24-a0-274-gb3763e6d51 (webtiles) character file.

Game seed: 11410571707059480957

1131 HAL9000 the Covert (level 8, -1/38 HPs)
             Began as a Vine Stalker Assassin on Apr 27, 2019.
             Was an Initiate of Dithmenos.
             Slain by an orc warrior
             ... wielding a +0 war axe
              (14 damage)
             ... on level 6 of the Dungeon.
             The game lasted 00:11:58 (5592 turns).

HAL9000 the Covert (Vine Stalker Assassin)          Turns: 5592, Time: 00:11:58

Health: -1/38      AC:  4    Str: 16    XL:     8   Next: 36%
Magic:  0/9        EV: 11    Int: 14    God:    Dithmenos [......]
Gold:   419        SH:  0    Dex: 16    Spells: 7/7 levels left

rFire    . . .     SeeInvis .   a - +2 dagger
rCold    + . .     Gourm    .   (no shield)
rNeg     . . .     Faith    .   y - +0 leather armour {rC+}
rPois    .         Spirit   +   (no helmet)
rElec    .         Reflect  .   s - +0 cloak
rCorr    .         Harm     .   (no gloves)
MR       +....                  (no boots)
Stlth    ++++......             (no amulet)
HPRegen  0.52/turn              i - +3 ring of intelligence
MPRegen  0.11/turn              (no ring)

@: no status effects
A: fangs 3, regeneration 1, magic shield, antimagic bite, no potion heal 3, rot
immunity
a: Renounce Religion


You were on level 6 of the Dungeon.
You worshipped Dithmenos.
Dithmenos was noncommittal.
You were very hungry.

You visited 1 branch of the dungeon, and saw 6 of its levels.
You also visited: Sewer.

You collected 419 gold pieces.

Inventory:

Hand Weapons
 a - a +2 dagger (weapon)
 b - a +0 blowgun
Missiles
 e - 8 poisoned needles
Armour
 d - a +0 shield
 s - a +0 cloak (worn)
 y - a +0 leather armour of cold resistance (worn)
Jewellery
 i - a +3 ring of intelligence (left hand)
Wands
 C - a wand of disintegration (6)
Scrolls
 c - 2 scrolls of enchant weapon {unknown}
 j - 3 scrolls of amnesia {unknown}
 k - 2 scrolls of magic mapping {unknown}
 l - 4 scrolls of remove curse
 m - a scroll of blinking {unknown}
 n - 2 scrolls of teleportation
 o - 2 scrolls of enchant armour {unknown}
 p - 3 scrolls of fear {unknown}
 q - 5 scrolls of identify {unknown}
 r - 2 scrolls of noise {unknown}
Potions
 h - a potion of might
 t - 3 potions of flight {unknown}
 u - a potion of agility {unknown}
 v - a potion of heal wounds {unknown}
 w - 3 potions of curing {unknown}
 x - a potion of mutation {unknown}
 z - a potion of lignification {unknown}
 A - a potion of haste {unknown}
Comestibles
 g - 12 rations


   Skills:
 - Level 1.7 Fighting
 + Level 6.1 Short Blades
 - Level 1.7 Throwing
 - Level 0.7 Dodging
 + Level 10.4 Stealth


You had 7 spell levels left.
You didn't know any spells.
Your spell library was empty.

Dungeon Overview and Level Annotations

Branches:
Dungeon (6/15)
 Temple: D:4-7

Altars:
Dithmenos
Elyvilon
Fedhas
Hepliaklqana
Kikubaaqudgha
Makhleb
Qazlal
Trog
Xom


Innate Abilities, Weirdness & Mutations

You have razor-sharp teeth.
Your natural rate of healing is unusually fast.
When hurt, damage is shared between your health and your magic reserves.
Your bite disrupts and absorbs the magic of your enemies.
Potions cannot restore your health.
You are immune to rotting.


Message History

Firing (i - inventory. (/) - cycle)
f - 2 curare-tipped needles (quivered)
Press: ? - help, Shift-Dir - straight line, f - orc warrior
Aim: an orc warrior, wielding a +0 war axe and wearing a +0 animal skin (lightly wounded)
You shoot a curare-tipped needle.
The curare-tipped needle closely misses the orc warrior.
The orc warrior hits you with a +0 war axe!
Firing (i - inventory. (/) - cycle)
f - a curare-tipped needle (quivered)
Press: ? - help, Shift-Dir - straight line, f/p - orc warrior
Aim: an orc warrior, wielding a +0 war axe and wearing a +0 animal skin (lightly wounded)
You shoot a curare-tipped needle.
The curare-tipped needle hits the orc warrior.
The orc warrior is poisoned.
The orc warrior convulses.
The orc warrior seems to slow down.
The orc warrior is heavily wounded.
Wield which item (- for none, * to show all)? (? for menu, Esc to quit)
a - a +2 dagger (weapon)
You barely miss the orc warrior.
The orc warrior is heavily wounded.
The orc warrior hits you with a +0 war axe!
You die...

### ..# ####
#.# ####+# #.#
%....# ##.##
._...# ##...##
?...#
##..#..##†..#
##..###.@o..#
###..##
####### #
#...## ..##
#...#
....####..##
....<####..##
.##...####..##
##...#####.##
##...## ##.##
##


You could see an orc warrior.

Vanquished Creatures
  A bullfrog (D:6)
  A big kobold (Sewer)
  A scorpion (D:4)
  3 killer bees (D:5)
  3 howler monkeys
  2 crimson imps
  4 orc priests
  3 hounds
  4 orc wizards
  2 iguanas (D:4)
  2 worker ants (D:5)
  8 adders
  An ooze (D:3)
  An adder skeleton (D:3)
  5 worms
  4 dart slugs
  2 leopard geckos
  13 orcs
  11 giant cockroaches
  7 goblins
  10 hobgoblins
  3 jackals
  10 kobolds
  5 quokkas
  3 ball pythons
  9 bats
  8 frilled lizards
  A quokka skeleton (D:4)
  14 rats
141 creatures vanquished.

Vanquished Creatures (others)
  4 toadstools (D:1)
4 creatures vanquished.

Grand Total: 145 creatures vanquished

Notes
Turn   | Place    | Note
-------+----------+-------------------------------------------
     0 | D:1      | HAL9000 the Vine Stalker Assassin began the quest for the
                  | Orb.
     0 | D:1      | Reached XP level 1. HP: 11/11 MP: 2/2
    17 | D:1      | Reached skill level 5 in Stealth
    71 | D:1      | Reached XP level 2. HP: 15/15 MP: 3/3
   298 | D:1      | Reached XP level 3. HP: 8/18 MP: 4/4
   325 | D:1      | Reached skill level 6 in Stealth
  1082 | D:2      | Gained mutation: Your natural rate of healing is unusually
                  | fast. [Vine Stalker growth]
  1082 | D:2      | Reached XP level 4. HP: 13/23 MP: 5/5
  1703 | D:2      | Reached skill level 7 in Stealth
  2019 | D:3      | Reached XP level 5. HP: 25/26 MP: 4/6
  2412 | D:3      | Found a glowing drain.
  2416 | Sewer    | Entered a sewer
  2480 | Sewer    | Noticed a big kobold
  2497 | Sewer    | Killed a big kobold
  2502 | Sewer    | Reached skill level 8 in Stealth
  2549 | Sewer    | Found a white marble altar of Elyvilon.
  2711 | D:3      | Reached XP level 6. HP: 29/30 MP: 7/7
  3443 | D:3      | Reached skill level 9 in Stealth
  3443 | D:3      | Reached XP level 7. HP: 26/34 MP: 6/8
  4095 | D:4      | Found a stormy altar of Qazlal.
  4108 | D:4      | Reached skill level 5 in Short Blades
  4365 | D:5      | Entered Level 5 of the Dungeon
  4518 | D:5      | Found an ancient bone altar of Kikubaaqudgha.
  4518 | D:5      | Found a blossoming altar of Fedhas.
  4521 | D:5      | Found a shadowy altar of Dithmenos.
  4521 | D:5      | Found a bloodstained altar of Trog.
  4524 | D:5      | Found a shimmering altar of Xom.
  4524 | D:5      | Found a hazy altar of Hepliaklqana.
  4525 | D:5      | Found a white marble altar of Elyvilon.
  4527 | D:5      | Became a worshipper of Dithmenos the Shadowed
  4649 | D:5      | Reached skill level 10 in Stealth
  4649 | D:5      | Gained mutation: You have razor-sharp teeth. [Vine Stalker
                  | growth]
  4649 | D:5      | Reached XP level 8. HP: 33/38 MP: 7/9
  4832 | D:5      | Found a burning altar of Makhleb.
  5080 | D:5      | Found a shadowy altar of Dithmenos.
  5579 | D:6      | Found a bloodstained altar of Trog.
  5592 | D:6      | Slain by an orc warrior

Levels and vault maps discovered:
D:1:      ldierk_water_garden, layout_basic
D:2:      layout_basic
D:3:      minmay_spotlight, layout_basic, gup_sewer_entry_spiral,
          hangedman_abyss_or_decor_stabs, minmay_increasing_density
D:4:      layout_basic, nicolae_qazlal_eye_of_the_storm, first_ration
D:5:      layout_basic, makhleb_blood_cavern_becter, grunt_temple_overflow_open,
          grunt_ministairs_2, nicolae_dithmenos_through_a_glass_darkly
D:6:      layout_layer_cave, minmay_holes, trog_butcher_becter

Skill      XL: |  1  2  3  4  5  6  7  8 |
---------------+-------------------------+-----
Stealth        | 5 6 7 8 9 10 | 10.4
Short Blades   | 2 3 4 5 6 |  6.1
Fighting       | |  1.7
Throwing       | |  1.7
Dodging        | |  0.7

Action                   |  1- 3 |  4- 6 |  7- 9 || total
-------------------------+-------+-------+-------++-------
Melee: Dagger            |    89 |   239 |   170 ||   498
       Bite              |    23 |    69 |    52 ||   144
 Fire: Blowgun           |       |       |     2 ||     2
Evoke: Wand              |       |       |     2 ||     2
  Use: Scroll            |       |     2 |       ||     2
       Potion            |       |     1 |       ||     1
 Stab: Sleeping          |    16 |    20 |     5 ||    41
  Eat: Chunk             |       |     8 |     6 ||    14
Armor: Robe              |    13 |     7 |       ||    20
       Skin              |       |    16 |       ||    16
       Leather armour    |       |     7 |    25 ||    32
Dodge: Dodged            |    38 |   105 |    58 ||   201

Table legend:
 A = Non-vault XP
 B = Vault XP
 C = Vault XP percentage of total XP
 D = Non-vault monster count
 E = Vault monster count
 F = Vault count percentage of total count
                 A         B        C        D         E       F
            +---------+---------+-------+---------+---------+-------
      Total |    1418 |     199 |  12.3 |     111 |      30 |  21.3
            +---------+---------+-------+---------+---------+-------
        D:1 |      59 |       0 |   0.0 |      32 |       0 |   0.0
        D:2 |      77 |       0 |   0.0 |      24 |       0 |   0.0
        D:3 |     179 |      49 |  21.5 |      18 |      17 |  48.6
        D:4 |     612 |       0 |   0.0 |      22 |       0 |   0.0
        D:5 |     398 |      47 |  10.6 |      14 |       3 |  17.6
        D:6 |      93 |       0 |   0.0 |       1 |       0 |   0.0
      Sewer |       0 |     103 | 100.0 |       0 |      10 | 100.0
            +---------+---------+-------+---------+---------+-------
